 Dungeon Crawl Stone Soup version 0.20-a0-760-g49f5558 (webtiles) character file.

17892 Kurtz the Brawler (level 12, -5/119 HPs)
             Began as a Troll Chaos Knight on Feb 26, 2017.
             Slain by a freezing wraith (10 damage)
             ... in an ice cave.
             The game lasted 00:21:56 (11236 turns).

Kurtz the Brawler (Troll Chaos Knight)             Turns: 11236, Time: 00:21:57

Health: -5/119     AC:  7    Str: 23    XL:     12   Next: 22%
Magic:  13/13      EV: 17    Int:  6    God:    Xom [..*...]
Gold:   533        SH:  0    Dex: 15    Spells: 10/11 levels left

rFire    + . .     SeeInvis .     - Unarmed
rCold    + + .     Gourm    +   K - +2 robe {rC+ rF+}
rNeg     . . .     Faith    .   (no shield)
rPois    .         Spirit   .   (helmet restricted)
rElec    .         Reflect  .   z - scarf {rC+}
rCorr    .         Harm     .   (gloves unavailable)
MR       .....                  (boots unavailable)
Stlth    +.........             l - amulet of regeneration
Regen    1.1/turn               s - +2 ring of evasion
MPRegen  0.2/turn               i - +4 ring of evasion

@: slowed, very slow
A: unfitting armour, claws 3, talons 1, agile 1, blink, dopey 1, fast metabolism
3, gourmand, regeneration 1, robust 1, shaggy fur 1, tough skin 2
a: Blink, Renounce Religion


You were in an ice cave.
You worshipped Xom.
You were a toy of Xom.
You were full.

You visited 2 branches of the dungeon, and saw 12 of its levels.
You also visited: Ice Cave.

You collected 750 gold pieces.
You spent 217 gold pieces at shops.

Inventory:

Hand Weapons
 w - a +0 blowgun
Missiles
 k - 2 tomahawks
 F - 92 poisoned needles
 X - 3 javelins (quivered)
Armour
 z - a scarf of cold resistance (worn)
 K - a +2 robe of resistance (worn)
 T - a +0 troll leather armour
 V - a +1 cloak
Jewellery
 i - a +4 ring of evasion (left claw)
 l - an amulet of regeneration (around neck)
 s - a +2 ring of evasion (right claw)
Wands
 a - a wand of random effects (22/48)
 e - a wand of lightning (5/15)
 r - a wand of confusion (11/48)
 y - a wand of clouds (3/9)
 E - a wand of lightning (3/15)
 J - a wand of lightning (8/15)
 Q - a wand of clouds (2/9)
 S - a wand of flame (23/48)
Scrolls
 c - 3 scrolls of remove curse
 g - 2 scrolls of immolation
 h - 10 scrolls of teleportation
 m - 2 scrolls of fog
 p - 2 scrolls of recharging
 q - 2 scrolls of magic mapping
 u - 3 scrolls of fear
 x - 2 scrolls of random uselessness
 O - a scroll of amnesia {unknown}
 W - 2 scrolls of identify
Potions
 j - a potion of heal wounds
 n - 2 potions of haste
 o - 5 potions of curing
 t - a potion of degeneration
 B - a potion of flight
 C - a potion of ambrosia {unknown}
 G - a potion of agility
 H - 4 potions of might {unknown}
 I - 2 potions of magic {unknown}
 L - a potion of cancellation {unknown}
 M - 2 potions of resistance {unknown}
 N - a potion of invisibility {unknown}
Books
 D - a book of Air

   Spells                             Type                      Level
   a - Shock                          Conjuration/Air              1
   b - Swiftness                      Charms/Air                   2
   c - Static Discharge               Conjuration/Air              3
   d - Airstrike                      Air                          4
   e - Lightning Bolt                 Conjuration/Air              5
 P - a book of Maledictions

   Spells                             Type                      Level
   a - Corona                         Hexes                        1
   b - Ensorcelled Hibernation        Hexes/Ice                    2
   c - Confuse                        Hexes                        3
   d - Tukima's Dance                 Hexes                        3
   e - Dazzling Spray                 Conjuration/Hexes            3
Miscellaneous
 U - a lightning rod (1/4)
Comestibles
 b - 5 bread rations
 f - 10 meat rations
 A - 4 royal jellies
 R - 2 fruits


   Skills:
 + Level 4.4 Fighting
 + Level 3.6 Dodging
 * Level 17.8 Unarmed Combat
 * Level 2.9 Evocations


You had 10 spell levels left.
You knew the following spells:

 Your Spells              Type           Power        Failure   Level  Hunger
a - Corona                Hex            #......      52%         1    ##.....


Dungeon Overview and Level Annotations

Branches:
Dungeon (11/15)            Temple (0/1) D:4            Lair (1/6) D:9
    Orc: D:9-12

Altars:
Ashenzari
Cheibriados
Fedhas
Gozag
Hepliaklqana
Okawaru
Trog
Uskayaw
Vehumet
Xom
Yredelemnul

Shops:
D:4 }   D:7 *[[?=   D:10 *

Annotations:
D:7 1 exclusion
D:9 5 runed doors
Lair:1 Gastronok


Innate Abilities, Weirdness & Mutations

You are too large for most types of armour.
You have claws for hands.
Your metabolism is lightning-fast.
You like to eat raw meat.
Your natural rate of healing is unusually fast.
You are covered in fur. (AC +1)
You have very tough skin. (AC +2)
You have sharp toenails.
You are agile. (Dex +2)
You can translocate small distances at will.
You are dopey. (Int -2)
You are robust. (+10% HP)


Message History

You claw the freezing wraith, but do no damage.
The freezing wraith is almost destroyed.
The freezing wraith hits you. The freezing wraith freezes you. You resist.
The freezing wraith closely misses you. The freezing wraith hits you!
* * * LOW HITPOINT WARNING * * *
The freezing wraith freezes you. You resist.
* * * LOW HITPOINT WARNING * * *
The freezing wraith barely misses you. The freezing wraith hits you!
* * * LOW HITPOINT WARNING * * *
The freezing wraith freezes you! You resist.
* * * LOW HITPOINT WARNING * * *
The freezing wraith hits you but does no damage.
The freezing wraith hits you.
* * * LOW HITPOINT WARNING * * *
The freezing wraith freezes you. You resist.
* * * LOW HITPOINT WARNING * * *
The freezing wraith hits you!
You die...
Xom cackles wildly!

##.W..W###.W...###..##
#.
#..###..#..########..#
## #....##...##
###...## # ###...##.##
###....## ### ...#####
##....### ##.# WZ.##
###...### ##... .WZ##
###...### ##.... .5..
##.WW### ####.....
ZZ.55 #..@##
##........ ZZ..Z.
#..### ##....###..
#....## #...### ###
##....## #..## #
###...###...#
##...###..##
##...###..##
##...###..##
###.......#


You could see 2 freezing wraiths.

Vanquished Creatures
  A two-headed ogre (D:7)
  3 death yaks (D:9)
  The ghost of nebgrebaes the Conjurer, a novice DrCj of Sif Muna (D:8)
  The ghost of Glidergun the Martial Artist, a novice DsMo of Makhleb (D:10)
  The ghost of MetaCosm the Cruncher, a novice FoFi of Makhleb (D:9)
  Pikel (D:5)
  An ugly thing (D:11)
  A black mamba (Lair:1)
  Maurice (D:9)
  Psyche (D:8)
  7 freezing wraiths (IceCv)
  A komodo dragon (Lair:1)
  2 trolls
  A hornet (D:10)
  2 hippogriffs
  2 wyverns
  9 yaks
  A wraith (D:11)
  Grum (D:8)
  A death yak simulacrum (IceCv)
  4 hungry ghosts
  A water moccasin (Lair:1)
  Duvessa (D:6)
  2 sky beasts (D:10)
  An orc warrior (D:7)
  2 porcupines (D:9)
  A necrophage (D:6)
  A slave (D:5)
  An eye of draining (D:11)
  9 ice beasts
  An alligator simulacrum (IceCv)
  2 black bears
  7 ogres
  3 wolves (D:7)
  A phantom (D:11)
  The ghost of alphun the Ruffian, an amateur DrTm (D:3)
  3 centaurs
  2 big kobolds (D:8)
  A crocodile (Lair:1)
  7 bullfrogs
  Dowan (D:6)
  A swamp dragon simulacrum (IceCv)
  2 scorpions
  3 killer bees (D:9)
  21 wights
  3 howler monkeys
  6 electric eels (D:7)
  4 crimson imps
  A quasit (D:7)
  A jelly (D:5)
  4 hounds
  A bullfrog skeleton (D:7)
  An orc priest (D:11)
  5 orc wizards
  3 iguanas
  7 worker ants
  A wolf simulacrum (IceCv)
  2 hound zombies
  12 adders
  2 shadow imps
  5 white imps (IceCv)
  An ooze (D:2)
  2 adder skeletons
  2 worms
  2 dart slugs
  8 leopard geckos
  21 orcs
  2 ball pythons
  4 giant cockroaches
  8 goblins
  10 hobgoblins
  16 jackals
  3 quokkas
  13 bats
  5 frilled lizards
  A jackal zombie (D:8)
  21 kobolds
  7 rats
  A fire vortex (D:3)
  A plant (D:7)
304 creatures vanquished.

Vanquished Creatures (collateral kills)
  A spiny frog (Lair:1)
  A wyvern (D:8)
  A slave (D:5)
  An adder (D:8)
  A quokka (D:5)
5 creatures vanquished.

Vanquished Creatures (others)
  A porcupine (D:9)
  An adder (D:5)
  2 quokkas
  2 plants (D:7)
6 creatures vanquished.

Grand Total: 315 creatures vanquished

Notes
Turn   | Place    | Note
-------+----------+-------------------------------------------
     0 | D:1      | Kurtz the Troll Chaos Knight began the quest for the Orb.
     0 | D:1      | Reached XP level 1. HP: 22/22 MP: 0/0
   136 | D:1      | Reached XP level 2. HP: 23/29 MP: 1/1
   236 | D:1      | XOM: potion effect (agility)
   393 | D:1      | Reached XP level 3. HP: 36/36 MP: 2/2
   533 | D:1      | Reached skill level 4 in Unarmed Combat
   613 | D:1      | XOM: silly message
   838 | D:2      | You fall through a shaft for 2 floors!
   855 | D:4      | Reached XP level 4. HP: 35/44 MP: 3/3
   913 | D:4      | Reached skill level 5 in Unarmed Combat
   917 | D:4      | Found Wowuysh's Gadget Shop.
   949 | D:4      | XOM: potion effect (might)
  1095 | D:4      | XOM: harmless Pois miscast
  1223 | D:4      | Reached XP level 5. HP: 36/52 MP: 4/4
  1258 | D:4      | Found a staircase to the Ecumenical Temple.
  1370 | D:4      | Reached skill level 6 in Unarmed Combat
  1662 | D:5      | Entered Level 5 of the Dungeon
  1676 | D:5      | Reached XP level 6. HP: 61/61 MP: 5/5
  1830 | D:5      | XOM: noise
  1841 | D:5      | Reached skill level 7 in Unarmed Combat
  1843 | D:5      | XOM: cast spell 'Summon Mana Viper'
  1848 | D:5      | Noticed a slave
  1858 | D:5      | Killed a slave
  1863 | D:5      | Reached XP level 7. HP: 36/67 MP: 6/6
  1865 | D:5      | Noticed Pikel
  1865 | D:5      | XOM: summons friendly smoke demon
  1873 | D:5      | Killed Pikel
  1873 | D:5      | Reached skill level 8 in Unarmed Combat
  1915 | D:5      | Found an opulent altar of Gozag.
  1924 | D:5      | Reached skill level 9 in Unarmed Combat
  2306 | D:6      | Reached XP level 8. HP: 66/75 MP: 7/7
  2320 | D:6      | Found a shattered altar of Ashenzari.
  2355 | D:6      | Reached skill level 10 in Unarmed Combat
  2358 | D:6      | Noticed Dowan
  2360 | D:6      | Noticed Duvessa
  2369 | D:6      | XOM: summons 6 friendly demons
  2598 | D:5      | XOM: cleaving
  2600 | D:5      | Reached skill level 11 in Unarmed Combat
  2619 | D:6      | Killed Duvessa
  2636 | D:6      | XOM: summons 2 friendly demons
  2638 | D:6      | Killed Dowan
  2801 | D:6      | XOM: swap monsters
  2936 | D:6      | Reached XP level 9. HP: 68/83 MP: 8/8
  3155 | D:6      | XOM: potion effect (haste)
  3193 | D:6      | XOM: mild Tmut miscast
  3227 | D:7      | XOM: stealth player
  3284 | D:7      | Reached skill level 12 in Unarmed Combat
  3337 | D:7      | Found Musi's Magic Scroll Boutique.
  3345 | D:7      | Bought a scroll of identify for 28 gold pieces
  3345 | D:7      | Bought a scroll of teleportation for 42 gold pieces
  3345 | D:7      | Bought a scroll of recharging for 133 gold pieces
  3345 | D:7      | Bought a scroll of random uselessness for 14 gold pieces
  3349 | D:7      | Gained mutation: You possess an exceptional clarity of mind. [potion of mutation]
  3349 | D:7      | Gained mutation: You can translocate small distances at will. [potion of mutation]
  3349 | D:7      | Gained mutation: You are robust. (+10% HP) [potion of mutation]
  3373 | D:7      | Found Immuk's Jewellery Shop.
  3430 | D:7      | XOM is BORED!
  3430 | D:7      | XOM: 2-stop teleportation journey
  3658 | D:7      | Found Riecoe Fene's General Store.
  3659 | D:7      | Found Wofijoing's Armour Shop.
  3679 | D:7      | Found Kafiohog's Armour Emporium.
  3807 | D:7      | Noticed a two-headed ogre
  3810 | D:7      | XOM: scenery: create altars
  3814 | D:7      | Killed a two-headed ogre
  3814 | D:7      | Reached skill level 13 in Unarmed Combat
  4018 | D:7      | Reached XP level 10. HP: 100/100 MP: 9/9
  4331 | D:8      | Noticed Grum
  4344 | D:7      | Reached skill level 14 in Unarmed Combat
  4348 | D:7      | XOM: mild Tmut miscast
  4371 | D:8      | Killed Grum
  4411 | D:8      | Found a bloodstained altar of Trog.
  4444 | D:8      | XOM: cast spell 'Summon Horrible Things'
  4469 | D:8      | Found a basalt altar of Yredelemnul.
  4511 | D:8      | Noticed a dagger
  4512 | D:8      | Noticed a dagger
  4518 | D:8      | Found a hide-covered altar of Uskayaw.
  4646 | D:8      | Noticed nebgrebaes's ghost (novice DrCj)
  4647 | D:8      | Noticed Psyche
  4650 | D:8      | XOM: draining
  4657 | D:8      | Killed Psyche
  4926 | D:8      | XOM: mild Chrm miscast
  5161 | D:8      | XOM: draining
  5500 | D:8      | Killed nebgrebaes's ghost
  5522 | D:8      | XOM: give mutations
  5522 | D:8      | Gained mutation: Your body sometimes deteriorates upon taking damage. [Xom's mischief]
  5522 | D:8      | Lost mutation: Your body sometimes deteriorates upon taking damage. [Xom's mischief]
  5522 | D:8      | Gained mutation: You are weak. (Str -2) [Xom's mischief]
  5522 | D:8      | Gained mutation: Your flesh is cold resistant. (rC+) [Xom's mischief]
  5622 | D:9      | Reached skill level 15 in Unarmed Combat
  5707 | D:9      | Found a runed door.
  5764 | D:6      | Found an iron altar of Okawaru.
  6000 | D:3      | Noticed alphun's ghost (amateur DrTm)
  6002 | D:3      | XOM: medium Divn miscast
  6008 | D:3      | Killed alphun's ghost
  6167 | D:3      | Found a faded altar of an unknown god.
  6227 | D:3      | Learned a level 1 spell: Corona
  6251 | D:3      | XOM: mild Fire miscast
  6635 | D:2      | XOM: mild Ice miscast
  6777 | D:2      | XOM: 1-stop teleportation journey
  6964 | D:2      | XOM: cloud trail
  7090 | D:2      | XOM: god gift: wand of clouds (?/9) {god gift}
  7124 | D:2      | Found a snail-covered altar of Cheibriados.
  7394 | D:1      | XOM is BORED!
  7606 | D:4      | XOM: god gift: 16 stones
  7628 | D:4      | XOM: summons 5 hostile demons
  7888 | D:7      | XOM: mild Ice miscast
  8060 | D:9      | XOM: divination: detect creatures
  8113 | D:9      | Found a radiant altar of Vehumet.
  8116 | D:9      | Noticed a death yak
  8120 | D:9      | Noticed a death yak
  8120 | D:9      | Noticed a death yak
  8122 | D:9      | XOM: enchant monster (good)
  8125 | D:9      | Killed a death yak
  8128 | D:9      | XOM: destruction
  8132 | D:9      | XOM: enchant monster (bad)
  8152 | D:9      | Killed a death yak
  8152 | D:9      | Reached XP level 11. HP: 107/107 MP: 10/10
  8155 | D:9      | Killed a death yak
  8155 | D:9      | Reached skill level 16 in Unarmed Combat
  8220 | D:9      | Found a staircase to the Lair.
  8240 | D:9      | Found a runed gate.
  8247 | D:9      | Noticed Maurice
  8248 | D:9      | Noticed MetaCosm's ghost (novice FoFi)
  8261 | D:9      | Found a runed door.
  8265 | D:9      | XOM: enchant monster (bad)
  8690 | D:9      | XOM: destruction
  8706 | D:9      | XOM: divination: detect items
  8711 | D:9      | Killed MetaCosm's ghost
  8748 | D:9      | Found a runed gate.
  8749 | D:9      | Found a runed gate.
  8780 | D:9      | Killed Maurice
  8859 | D:9      | Found a blossoming altar of Fedhas.
  8988 | D:9      | XOM: give mutations
  8988 | D:9      | Lost mutation: Your flesh is cold resistant. (rC+) [Xom's mischief]
  8988 | D:9      | Gained mutation: You are dopey. (Int -2) [Xom's mischief]
  8988 | D:9      | Lost mutation: You are robust. (+10% HP) [Xom's mischief]
  8988 | D:9      | Lost mutation: You are weak. (Str -2) [Xom's mischief]
  9259 | D:10     | Entered Level 10 of the Dungeon
  9264 | D:10     | Found a hazy altar of Hepliaklqana.
  9264 | D:10     | Found Tuvvekhy's Assorted Antiques.
  9264 | D:10     | XOM: 3-stop teleportation journey
  9448 | D:10     | Gained mutation: You have sharp toenails. [mutagenic meat]
  9449 | D:10     | Gained mutation: You are agile. (Dex +2) [mutagenic meat]
  9538 | D:10     | XOM: give mutation
  9538 | D:10     | Gained mutation: You are robust. (+10% HP) [Xom's grace]
  9578 | D:10     | Noticed Glidergun's ghost (novice DsMo)
  9583 | D:10     | XOM: summons friendly ufetubus
  9588 | D:10     | Killed Glidergun's ghost
  9588 | D:10     | Reached skill level 1 in Evocations
  9596 | D:9      | XOM: summons 2 friendly demons
  9603 | D:9      | XOM: harmless Necr miscast
  9626 | D:9      | XOM: cloud trail
  9837 | D:10     | XOM: silly message
  9924 | D:11     | XOM: divination: detect creatures
 10028 | D:11     | XOM: divination: detect items
 10167 | D:11     | Noticed a purple ugly thing
 10174 | D:11     | Killed a purple ugly thing
 10174 | D:11     | Reached skill level 17 in Unarmed Combat
 10275 | D:11     | XOM: harmless Air miscast
 10276 | D:11     | Lost mutation: You possess an exceptional clarity of mind. [mutagenic meat]
 10480 | D:11     | XOM: divination: detect items
 10485 | D:11     | XOM: harmless Pois miscast
 10489 | D:11     | XOM: cast spell 'Leda's Liquefaction'
 10651 | Lair:1   | Entered Level 1 of the Lair of Beasts
 10686 | Lair:1   | XOM: summons friendly crimson imp
 10709 | Lair:1   | XOM: summons 4 friendly demons
 10746 | Lair:1   | Found a frozen archway.
 10769 | Lair:1   | XOM: destruction
 10789 | Lair:1   | Noticed Gastronok
 10808 | Lair:1   | HP: 4/111 [Gastronok/the air (19)]
 10828 | IceCv    | Entered an ice cave
 10838 | IceCv    | Reached XP level 12. HP: 92/119 MP: 12/12
 10891 | IceCv    | XOM: confuse monster(s)
 10932 | IceCv    | XOM: potion effect (invisibility)
 11026 | IceCv    | XOM: confuse monster(s)
 11100 | IceCv    | XOM: cast spell 'Leda's Liquefaction'
 11193 | IceCv    | Found an ancient bone altar of Kikubaaqudgha.
 11236 | IceCv    | HP: 5/119 [freezing wraith (6)]
 11236 | IceCv    | Slain by a freezing wraith

Vault maps used:
D:1:      dpeg_arrival_solitude
D:2:      kennysheep_slug_shrine
D:3:      chequers_ecumenical_altar_simple_redux
D:4:      minmay_temple_entry_junction, serial_shops, kennysheep_mini,
          first_bread
D:5:      nicolae_gozag_seed_capital, minmay_misc_feat_chi, dk_noncrumbling_4,
          uniq_pikel
D:6:      lemuel_upstairs_altar, ashenzari_conservatory_becter, uniq_duvessa
D:7:      cheibrodos_two_vegetables, serial_shops, shop_fountains, shop,
          nicolae_shop_temple_entry_statues_fountains, nicolae_shop_stone,
          kennysheep_mini_moat
D:8:      dancing_weapons_uskayaw, lemuel_round_altar, basic_altar, uniq_psyche,
          uniq_grum
D:9:      vehumet_altar_wand_db, dpeg_lair_monsters, basic_altar,
          minmay_guarded_unrand_staff_of_olgreb, uniq_maurice
D:10:     serial_shops, shop_fountains, basic_altar
D:11:     serial_glass, glass_columns_a, glass_columns_a
Lair:1:   portal_ice_cave_entry_pillars_1, minivault_19, serial_bayou_shore_b,
          uniq_gastronok
IceCv:    ice_cave_small_necro

Skill      XL: |  1  2  3  4  5  6  7  8  9 10 11 |
---------------+----------------------------------+-----
Unarmed Combat | 4 5 6 7 9 11 13 15 17 | 17.8
Fighting       | 3 4 |  4.4
Dodging        | 2 3 |  3.6
Evocations     | 2 |  2.9

Action                   |  1- 3 |  4- 6 |  7- 9 | 10-12 || total
-------------------------+-------+-------+-------+-------++-------
Melee: Unarmed           |    89 |    81 |   178 |   533 ||   881
       Punch             |       |     1 |     7 |    29 ||    37
       Kick              |       |       |       |    73 ||    73
 Fire: Blowgun           |       |       |       |     4 ||     4
Throw: Tomahawk          |       |       |     6 |    12 ||    18
       Javelin           |       |       |       |     1 ||     1
Evoke: Wand              |       |       |       |    17 ||    17
       Lightning rod     |       |       |       |     3 ||     3
  Use: Scroll            |       |       |    11 |     6 ||    17
       Potion            |       |       |     1 |     2 ||     3
 Stab: Sleeping          |       |       |     1 |     2 ||     3
       Confused          |       |       |       |     1 ||     1
       Invisible         |       |       |       |     1 ||     1
  Eat: Chunk             |    12 |     8 |    28 |    67 ||   115
       Fruit             |       |       |       |     2 ||     2
Armor: Robe              |    44 |    17 |    42 |    60 ||   163
       Troll leather arm |       |       |       |    34 ||    34
Dodge: Dodged            |    59 |    45 |   169 |   341 ||   614
